 Dungeon Crawl Stone Soup version 0.19.1-1-g22dce08 (webtiles) character file.

207 graki42 the Magician (level 5, 0/28 HPs)
             Began as a Deep Elf Fire Elementalist on Dec 30, 2016.
             Killed by nerve-wracking pain
             ... invoked by Grinder
              (2 damage)
             ... on level 3 of the Dungeon.
             The game lasted 00:08:51 (2784 turns).

graki42 the Magician (Deep Elf Fire Elementalist)   Turns: 2784, Time: 00:08:51

Health: 0/28       AC:  4    Str:  2    XL:     5   Next: 54%
Magic:  8/14       EV: 12    Int: 20    God:
Gold:   126        SH:  0    Dex: 15    Spells: 3 memorised, 6 levels left

rFire  . . .     SeeInvis .     y - +0 rapier
rCold  . . .     Gourm    .     a - +0 robe
rNeg   . . .     Faith    +     (no shield)
rPois  .         Spirit   .     (no helmet)
rElec  .         Reflect  .     (no cloak)
rCorr  +         Harm     .     (no gloves)
MR     .....                    r - +1 pair of boots
Stlth  ++........               i - amulet of faith
                                x - -4 ring of strength (curse)
                                o - ring of resist corrosion

@: very slightly contaminated, heavily drained
A: no striking features
a: no special abilities


You were on level 3 of the Dungeon.
You were hungry.

You visited 1 branch of the dungeon, and saw 3 of its levels.

You collected 126 gold pieces.

Inventory:

Hand Weapons
 y - a +0 rapier (weapon)
Armour
 a - a +0 robe (worn)
 r - a +1 pair of boots (worn)
 s - a +0 buckler
Jewellery
 g - an uncursed amulet of harm
 i - an amulet of faith (around neck)
 o - a ring of resist corrosion (left hand)
 x - a cursed -4 ring of strength (right hand)
Wands
 p - a wand of flame (13/48)
Scrolls
 d - a scroll of immolation {unknown}
 e - 2 scrolls of teleportation {unknown}
 h - a scroll of enchant weapon {unknown}
 j - 2 scrolls of remove curse {unknown}
 k - 5 scrolls of identify {unknown}
 m - a scroll of fear {unknown}
 q - a scroll of fog {unknown}
Potions
 l - 4 potions of curing {unknown}
 n - a potion of ambrosia {unknown}
 t - a potion of lignification {unknown}
 u - a potion of might {unknown}
 v - a potion of magic {unknown}
 w - 2 potions of mutation {unknown}
Books
 b - a book of Flames

   Spells                             Type                      Level
   a - Flame Tongue                   Conjuration/Fire             1
   b - Throw Flame                    Conjuration/Fire             2
   c - Conjure Flame                  Conjuration/Fire             3
   d - Inner Flame                    Hexes/Fire                   3
   e - Sticky Flame                   Conjuration/Fire             4
   f - Fireball                       Conjuration/Fire             5
Comestibles
 c - 6 bread rations
 f - 2 meat rations


   Skills:
 + Level 2.8(1.1) Dodging
 + Level 2.7(1.1) Stealth
 + Level 4.9(3.2) Spellcasting
 + Level 3.1(1.4) Conjurations
 + Level 0.3(0.0) Hexes
 + Level 4.9(3.1) Fire Magic


You had 6 spell levels left.
You knew the following spells:

 Your Spells              Type           Power        Failure   Level  Hunger
a - Flame Tongue          Conj/Fire      ##...        6%          1    None
b - Conjure Flame         Conj/Fire      ##......     17%         3    ###....
c - Inner Flame           Hex/Fire       #.......     24%         3    ###....


Dungeon Overview and Level Annotations

Branches:
Dungeon (3/15)

Altars:

Annotations:
D:3 Grinder


Message History

The flame tongue hits Grinder.
Grinder is moderately wounded.
Grinder hits you!
Casting: Flame Tongue
Confirm with . or Enter, or press ? or * to list all spells.
Aiming: Flame Tongue
Press: ? - help, Shift-Dir - straight line, f/p - Grinder
Aim: Grinder (moderately wounded)
The flame tongue hits Grinder.
Grinder is heavily wounded.
Grinder hits you.
You writhe in agony.
* * * LOW HITPOINT WARNING * * *
Grinder gestures at you. Pain shoots through your body!
* * * LOW HITPOINT WARNING * * *
Grinder blinks!
Okay, then.
Grinder gestures at you. Pain shoots through your body!
You die...

####.#.#)######....#####.
.....#.#.#...............
###.##.#.#.........#.###
#.##.#...#######.#..# #
###.##.#####.....#.#..###.#
........................>.#
....##)#####.#<#.#.##..#..#
######...# #.#......##.#..# ####
###.# #.#.#@#.....#.. ...#
#.###...........#.# )..###
#.##....#.#5....#.##
.....######.......).......# #
...#......#.#........##...#.#
...######.#.#.............#.#
...###....#.#...............#
.....#.####.#.........##..#####.#
...#...# #...........##.........


You could see Grinder.

Vanquished Creatures
  A big kobold (D:3)
  An orc priest (D:3)
  An adder (D:2)
  3 oozes
  3 worms
  3 dart slugs
  A leopard gecko (D:1)
  2 orcs (D:3)
  A ball python (D:2)
  5 bats
  4 giant cockroaches
  10 hobgoblins
  12 jackals
  4 kobolds
  4 frilled lizards
  3 goblins
  3 rats
61 creatures vanquished.

Notes
Turn   | Place    | Note
-------+----------+-------------------------------------------
     0 | D:1      | graki42 the Deep Elf Fire Elementalist began the quest for the Orb.
     0 | D:1      | Reached XP level 1. HP: 10/10 MP: 6/6
   215 | D:1      | Reached XP level 2. HP: 15/15 MP: 6/8
   498 | D:1      | Reached XP level 3. HP: 19/19 MP: 5/9
   780 | D:1      | Learned a level 3 spell: Conjure Flame
   784 | D:1      | Learned a level 3 spell: Inner Flame
  1733 | D:3      | Reached XP level 4. HP: 22/24 MP: 7/11
  1976 | D:3      | Noticed a big kobold
  1981 | D:3      | Killed a big kobold
  1981 | D:3      | Reached XP level 5. HP: 24/28 MP: 4/14
  2754 | D:3      | Noticed Grinder
  2776 | D:3      | HP: 1/28 [Grinder/nerve-wracking pain (3)]
  2784 | D:3      | Killed from afar by Grinder

Skill      XL: |  1  2  3  4  5 |
---------------+----------------+-----
Fire Magic     | 4 |  4.9
Conjurations   | 2 3 |  3.1
Spellcasting   | 4 |  4.9
Dodging        | |  2.8
Stealth        | |  2.7
Hexes          | |  0.3

Action                   |  1- 3 |  4- 6 || total
-------------------------+-------+-------++-------
 Cast: Flame Tongue      |    62 |    52 ||   114
       Inner Flame       |       |     6 ||     6
       Conjure Flame     |       |     3 ||     3
Evoke: Wand              |       |     1 ||     1
  Eat: Chunk             |     1 |     4 ||     5
Armor: Robe              |     4 |     6 ||    10
Dodge: Dodged            |    13 |    13 ||    26
